 Dungeon Crawl Stone Soup version 0.20.1-1-g8b1a95d (webtiles) character file.

140 letownia2 the Grave Robber (level 5, -4/42 HPs)
             Began as a Deep Dwarf Necromancer on Oct 29, 2017.
             Killed by divine providence
             ... invoked by an orc priest
              (8 damage)
             ... on level 4 of the Dungeon.
             The game lasted 00:08:08 (2098 turns).

letownia2 the Grave Robber (Deep Dwarf Necromancer) Turns: 2098, Time: 00:08:09

Health: -4/42      AC:  3    Str: 11    XL:     5   Next: 2%
Magic:  2/8        EV: 12    Int: 17    God:
Gold:   110        SH:  0    Dex: 13    Spells: 4/8 levels left

rFire    . . .     SeeInvis .   a - +1 dagger (protect)
rCold    . . .     Gourm    .   (no shield)
rNeg     . . .     Faith    .   m - +0 leather armour
rPois    .         Spirit   .   (no helmet)
rElec    .         Reflect  .   (no cloak)
rCorr    .         Harm     .   (no gloves)
MR       .....                  (no boots)
Stlth    ++........             (no amulet)
Regen    0.0/turn               (no ring)
MPRegen  0.2/turn               (no ring)

@: non-regenerating
A: damage resistance, heal wounds, sense surroundings 1, no regeneration
a: Heal Wounds


You were on level 4 of the Dungeon.
You were hungry.

You visited 1 branch of the dungeon, and saw 4 of its levels.
You also visited: Sewer.

You collected 110 gold pieces.

Inventory:

Hand Weapons
 a - a +1 dagger of protection (weapon)
 s - a +0 short sword
Missiles
 l - 14 sling bullets
Armour
 f - a +0 robe
 m - a +0 leather armour (worn)
Scrolls
 d - 2 scrolls of remove curse {unknown}
 e - a scroll of immolation {unknown}
 j - 3 scrolls of noise {unknown}
 n - 2 scrolls of teleportation {unknown}
 q - a scroll of fear {unknown}
 u - a scroll of recharging {unknown}
Potions
 i - a potion of magic {unknown}
 k - a potion of haste {unknown}
 o - 2 potions of might {unknown}
 p - 2 potions of heal wounds {unknown}
 r - a potion of curing {unknown}
Books
 b - a book of Necromancy

   Spells                             Type                      Level
   a - Pain                           Necromancy                   1
   b - Animate Skeleton               Necromancy                   1
   c - Vampiric Draining              Necromancy                   3
   d - Regeneration                   Charms/Necromancy            3
   e - Animate Dead                   Necromancy                   4
   f - Control Undead                 Necromancy                   4
Comestibles
 c - a bread ration
 g - 3 fruits
 h - a royal jelly
 t - a chunk of flesh


   Skills:
 - Level 2.1 Dodging
 - Level 2.4 Stealth
 - Level 2.3 Spellcasting
 + Level 6.6 Necromancy


You had 4 spell levels left.
You knew the following spells:

 Your Spells              Type           Power        Failure   Level  Hunger
a - Pain                  Necr           ###.         1%          1    #......
v - Vampiric Draining     Necr           ###.......   4%          3    ###....


Dungeon Overview and Level Annotations

Branches:
Dungeon (4/15)
 Temple: D:4-7

Altars:

Annotations:
D:2 BURN FOREST


Innate Abilities, Weirdness & Mutations

You are resistant to damage.
You can heal yourself by infusing magical energy.
You passively map a small area around you.
You do not regenerate.


Message History

The orc barely misses you.
The orc hits you from afar with a trident.
* * * LOW HITPOINT WARNING * * *
A gnoll comes into view. It is wielding a flail.
The gnoll shouts!
The gnoll hits you with a whip. The jackal skeleton bites you.
The orc hits you from afar with a trident!
* * * LOW HITPOINT WARNING * * *
The orc priest begins to cast a cantrip, but forgets the words!
The jackal skeleton bites you but does no damage.
The orc priest begins to cast a cantrip, but forgets the words!
The jackal skeleton closely misses you.
Found 2 gold pieces.
The jackal skeleton bites you but does no damage.
Found a scroll labeled QUOSEHO HEPNICWU.
Found 11 gold pieces.
The jackal skeleton misses you.
The orc priest invokes the aid of Beogh against you.
Beogh smites you!
You die...

.o..#.........#
*,,
....#......o.o#
.Z..#......o..+, ,
, ,
#.......og#####*,,
*#######.og....# ,
* #.......#,,,
#.....Z.# ,
#.......# ,
#.....@.# , , , *
#.$.....# , , ,
#?......+ , ,
#.......#
#.......#
##$....## * *
#.....#, , *
#.....# , ,


You could see 2 orc priests, 2 gnolls, 3 orcs and a jackal skeleton.

Vanquished Creatures
  A scorpion (D:4)
  3 adders (Sewer)
  A gnoll (D:4)
  A shadow imp (D:4)
  5 leopard geckos
  A ball python (Sewer)
  A goblin (D:1)
  3 hobgoblins
  10 jackals (Sewer)
  5 frilled lizards
  10 kobolds
  4 plants (Sewer)
45 creatures vanquished.

Vanquished Creatures (others)
  A plant (Sewer)
1 creature vanquished.

Grand Total: 46 creatures vanquished

Notes
Turn   | Place    | Note
-------+----------+-------------------------------------------
     0 | D:1      | letownia2 the Deep Dwarf Necromancer began the quest for the Orb.
     0 | D:1      | Reached XP level 1. HP: 15/15 MP: 3/3
   313 | D:2      | Reached XP level 2. HP: 20/22 MP: 1/5
   591 | D:3      | Found a glowing drain.
   599 | Sewer    | Entered a sewer
   889 | Sewer    | Reached skill level 5 in Necromancy
   913 | Sewer    | Reached XP level 3. HP: 8/28 MP: 0/6
   918 | Sewer    | Learned a level 3 spell: Vampiric Draining
  1800 | Sewer    | Reached XP level 4. HP: 33/36 MP: 4/7
  1926 | D:4      | Reached skill level 6 in Necromancy
  2072 | D:4      | Noticed an ogre
  2073 | D:4      | Reached XP level 5. HP: 25/42 MP: 0/8
  2098 | D:4      | Killed from afar by an orc priest

Skill      XL: |  1  2  3  4 |
---------------+-------------+-----
Spellcasting   | 2 |  2.3
Necromancy     | 5 6 |  6.6
Dodging        | |  2.1
Stealth        | |  2.4

Action                   |  1- 3 |  4- 6 || total
-------------------------+-------+-------++-------
Melee: Short sword       |   331 |       ||   331
       Dagger            |       |    15 ||    15
 Cast: Pain              |    59 |     8 ||    67
       Vampiric Draining |     9 |     3 ||    12
  Eat: Chunk             |     6 |     1 ||     7
Armor: Robe              |     2 |       ||     2
       Leather armour    |    10 |    14 ||    24
Dodge: Dodged            |    71 |    32 ||   103
